 Dungeon Crawl Stone Soup version 0.31-a0-133-gaae73658be (webtiles) character file.

Game seed: 2028648945274468130

356 Ijustatesigmund the Conjurer (level 6, 0/36 HPs)
             Began as an Octopode Conjurer on June 2, 2023.
             Slain by Pargi (3 damage)
             ... on level 3 of the Dungeon.
             The game lasted 00:09:24 (4865 turns).

Ijustatesigmund the Conjurer (Octopode Conjurer)    Turns: 4865, Time: 00:09:25

Health: 0/36       AC:  1    Str:  7    XL:     6   Next: 63%
Magic:  1/11       EV: 18    Int: 25    God:
Gold:   38         SH:  0    Dex: 16    Spells: 5/12 levels left

rFire   . . .        c - +1 flail
rCold   . . .        (no shield)
rNeg    . . .        (helmet restricted)
rPois   .            (no amulet)
rElec   .            e - +6 ring of dexterity
rCorr   .            k - ring of the Final Chapter {EV+5 Int+3}
SInv    .            (no ring)
Will    .....        (no ring)
Stlth   +++          (no ring)
HPRegen 0.26/turn    (no ring)
MPRegen 0.12/turn    (no ring)
                     (no ring)

%: no passive effects
@: very slightly contaminated
A: almost no armour, amphibious, 8 rings, camouflage 1, gelatinous body 1,
(nimble swimmer 1), tentacles
a: no special abilities


You were on level 3 of the Dungeon.
You visited 1 branch of the dungeon, and saw 3 of its levels.
You also visited: Sewer.

You collected 64 gold pieces.
You spent 26 gold pieces at shops.

Inventory:

Hand Weapons
 c - a +1 flail (weapon)
Jewellery
 e - a +6 ring of dexterity (left tentacle)
 k - the ring of the Final Chapter (right tentacle) {EV+5 Int+3}
   (You acquired it in a sewer)

   [ring of evasion]

   EV:        It affects your evasion (+5).
   Int:       It affects your intelligence (+3).
 m - a +5 ring of evasion
Scrolls
 f - a scroll of amnesia
 l - a scroll of teleportation
Potions
 a - a potion of magic
 b - 3 potions of haste
 d - 2 potions of might
 g - 5 potions of heal wounds
 h - a potion of mutation {unknown}
 i - a potion of invisibility {unknown}
 j - 2 potions of cancellation {unknown}


   Skills:
 + Level 0.0 Fighting
 + Level 0.0 Maces & Flails
 + Level 2.0 Dodging
 + Level 2.7 Stealth
 + Level 3.5 Spellcasting
 + Level 5.1 Conjurations
 + Level 4.3 Translocations


You had 5 spell levels left.
You knew the following spells:

 Your Spells              Type           Power      Damage    Failure   Level
a - Magic Dart            Conj           100%       1d8       1%          1
b - Searing Ray           Conj           60%        2d6       1%          2
c - Iskenderun's Mystic   Conj/Tloc      28%        2d7       14%         4

Your spell library contained the following spells:

 Spells                   Type           Power      Damage    Failure   Level
 Dazzling Flash           Conj/Hex       34%        N/A       10%         3
 Fulminant Prism          Conj/Hex       8%         3d7       32%         4
 Irradiate                Conj/Tmut      8%         3d14      67%         5
 Blade Hands              Tmut           2%         N/A       95%         5
 Dragon Form              Tmut           2%         N/A       100%        7


Dungeon Overview and Level Annotations

Branches:
Dungeon (3/15)              Sewer (visited)

Altars:
Cheibriados
The Shining One

Shops:
D:2 ?

Annotations:
D:3 Pargi


Innate Abilities, Weirdness & Mutations

You cannot wear most types of armour.
You are amphibious.
You can wear up to eight rings at the same time.
Your skin changes colour to match your surroundings (Stealth+).
Your rubbery body absorbs attacks. (AC +1, EV +1)
((You are camouflaged when in or above water. (Stealth+)))
You have tentacles for arms and can constrict up to eight enemies at once.


Message History

Pargi bites you. Pargi claws you. Pargi barely misses you.
Casting: Searing Ray (safe; 1% risk of failure)
Confirm with . or Enter, or press ? or * to list all spells.
The spell is quite dangerous to miscast (14% risk of failure)!
Continue anyway? [Y]es or [N]o only, please.
The spell is quite dangerous to miscast (14% risk of failure)!
Continue anyway?
You miscast Iskenderun's Mystic Blast.
You are very lightly contaminated with residual magic.
Nothing appears to happen.
Pargi misses you. Pargi claws you but does no damage. Pargi misses you.
Magic courses through your body. Pargi barely misses you.
Pargi closely misses you. x2
Casting: Iskenderun's Mystic Blast (quite dangerous; 14% risk of failure)
Confirm with . or Enter, or press ? or * to list all spells.
The spell is quite dangerous to miscast (14% risk of failure)!
Continue anyway? [Y]es or [N]o only, please.
The spell is quite dangerous to miscast (14% risk of failure)!
Continue anyway?
You erupt in a blast of force!
The mystic blast hits Pargi.
Pargi is heavily wounded.
Pargi is knocked back by the mystic blast.
Casting: Iskenderun's Mystic Blast (quite dangerous; 14% risk of failure)
Confirm with . or Enter, or press ? or * to list all spells.
The spell is quite dangerous to miscast (14% risk of failure)!
Continue anyway? [Y]es or [N]o only, please.
The spell is quite dangerous to miscast (14% risk of failure)!
Continue anyway?
You miscast Iskenderun's Mystic Blast.
You feel a strange surge of energy! Pargi bites you. Pargi barely misses you.
Pargi misses you.
Casting: Iskenderun's Mystic Blast (quite dangerous; 14% risk of failure)
Confirm with . or Enter, or press ? or * to list all spells.
Aiming: Searing Ray (safe; 1% risk of failure)
Press: ? - help, Shift-Dir - straight line, f/p - Pargi
Aim: Pargi (heavily wounded, 74% to hit)
The searing ray hits Pargi.
Pargi is heavily wounded. (Press . to maintain the ray.) Pargi bites you.
Pargi completely misses you. Pargi closely misses you.
The searing ray misses Pargi.
Pargi bites you!
* * * LOW HITPOINT WARNING * * *
Pargi claws you.
You die...

.......###... ....#
......... .. ...###
.......... .....#
.....###.. .....# ######
....#######....# #<...#
..........#....##.####.#
.###.........#.......#
....................#
............@T....>.
#..................
######................##
....##.......#........#
.............#........#
.............########.#
.............# ...
.#........#### #.
.#........#


You could see Pargi.

Vanquished Creatures
  2 kobold brigands (Sewer)
  Terence (D:2)
  6 adders
  4 river rats (Sewer)
  2 worms (D:3)
  3 dart slugs
  11 ball pythons
  5 bats
  8 endoplasms
  5 giant cockroaches
  2 goblins
  3 hobgoblins
  18 kobolds
  5 quokkas
  3 frilled lizards
  22 rats
100 creatures vanquished.

Notes
Turn   | Place    | Note
-------+----------+-------------------------------------------
     0 | D:1      | Ijustatesigmund the Octopode Conjurer began the quest for
                  | the Orb.
     0 | D:1      | Reached XP level 1. HP: 11/11 MP: 3/3
   346 | D:1      | Reached XP level 2. HP: 17/17 MP: 1/5
   349 | D:1      | Learned a level 2 spell: Searing Ray
  1026 | D:1      | Reached XP level 3. HP: 21/21 MP: 3/6
  1117 | D:2      | Found a glowing golden altar of the Shining One.
  1218 | D:2      | Found Niyt Zitz's Magic Scroll Boutique.
  1247 | D:2      | Bought a scroll of identify for 26 gold pieces
  1840 | D:2      | Noticed Terence
  1865 | D:2      | Killed Terence
  1866 | D:2      | Reached XP level 4. HP: 23/27 MP: 1/8
  1929 | D:2      | Learned a level 4 spell: Iskenderun's Mystic Blast
  2389 | D:2      | Reached skill level 1 in Translocations
  2598 | D:3      | Found a snail-covered altar of Cheibriados.
  2731 | D:3      | Found a glowing drain.
  2740 | Sewer    | Entered a sewer
  2869 | Sewer    | Reached XP level 5. HP: 31/31 MP: 2/9
  3080 | Sewer    | Noticed a kobold brigand
  3109 | Sewer    | Killed a kobold brigand
  3221 | Sewer    | Reached XP level 6. HP: 27/36 MP: 10/10
  3718 | Sewer    | Reached skill level 5 in Conjurations
  4470 | Sewer    | Identified a scroll of acquirement
  4470 | Sewer    | Acquired the ring of the Final Chapter {EV+5 Int+3}
  4852 | D:3      | Noticed Pargi
  4865 | D:3      | Slain by Pargi

Illustrated notes

Levels and vault maps discovered:
D:1:      lightli_arrival_statuegarden, layout_loops_cross,
          minmay_misc_feat_five, minmay_misc_feat_room
D:2:      wander_river, layout_basic, serial_shops, nicolae_square_shop,
          basic_altar, dk_vineyard_2, uniq_terence
D:3:      layout_basic, grunt_gozag_breadcrumbs,
          mainiacjoe_overflow_small_starburst, cheibrodos_sewer_entry_drain,
          minmay_misc_feat_columns, kennysheep_decorative_pillar, uniq_pargi

Skill      XL: |  1  2  3  4  5  6 |
---------------+-------------------+-----
Spellcasting   | 3 |  3.5
Translocations | 2 3 4 |  4.3
Conjurations   | 5 |  5.1
Dodging        | |  2.0
Stealth        | |  2.7

Action                     |  1- 3 |  4- 6 || total
---------------------------+-------+-------++-------
  Melee: Flail             |     3 |    34 ||    37
         Constrict         |     1 |    10 ||    11
         Tentacles         |       |     4 ||     4
   Cast: Magic Dart        |    74 |    77 ||   151
         Searing Ray       |     2 |    11 ||    13
         Iskenderun's Myst |       |     1 ||     1
    Use: Scroll            |     4 |     6 ||    10
         Potion            |       |     2 ||     2
   Stab: Sleeping          |       |     1 ||     1
 Armour: Skin              |       |     8 ||     8
  Dodge: Dodged            |     4 |    60 ||    64

Table legend: (Time is in decaauts)
 A = Elapsed time spent in this place.
 B = Non-inter-level travel time spent in this place.
 C = Inter-level travel time spent in this place.
 D = Time resting spent in this place.
 E = Time spent auto-exploring this place.
 F = Levels seen in this place.
 G = Mean time per level.
                   A        B        C        D        E       F      G
               +--------+--------+--------+--------+--------+-----+--------+
         Total |   4859 |   4799 |     60 |   1668 |   2626 |   4 | 1214.8 |
       Dungeon |   2957 |   2897 |     60 |    512 |   2114 |   3 |  985.7 |
         Sewer |   1901 |   1901 |      0 |   1156 |    512 |   1 | 1901.0 |
               +--------+--------+--------+--------+--------+-----+--------+

Top non-repeatable levels by time:
   Sewer: 1901 daAuts
     D:2: 1405 daAuts
     D:1: 1116 daAuts
     D:3: 436 daAuts
